 Dungeon Crawl Stone Soup version 0.18-a0-1088-g34ef3a2 (webtiles) character file.

3878 xgamer67 the Covert (level 10, 0/60 HPs)
             Began as an Octopode Wanderer on Jan 15, 2016.
             Was a Priest of Nemelex Xobeh.
             Slain by a troll (12 damage)
             ... on level 10 of the Dungeon.
             The game lasted 00:44:26 (10166 turns).

xgamer67 the Covert (Octopode Wanderer)            Turns: 10166, Time: 00:44:26

Health: 0/60       AC:  1    Str: 12    XL:     10   Next: 19%
Magic:  14/14      EV: 10    Int: 15    God:    Nemelex Xobeh [***...]
Gold:   315        SH:  0    Dex: 14    Spells: 5 memorised, 7 levels left

rFire  + . .     SeeInvis .     b - +8 whip of the Dungeon {freeze, +Inv}
rCold  + . .     Gourm    .     (no shield)
rNeg   . . .     Faith    +     (helmet restricted)
rPois  .         Spirit   .     T - amulet of faith
rElec  .         Dismiss  .     j - ring of protection from magic
rCorr  .         Reflect  .     L - ring of protection from cold
SustAt .         Harm     .     M - ring of protection from fire
MR     +....                    (no ring)
Stlth  ++++++....               (no ring)
                                (no ring)
                                (no ring)
                                (no ring)

@: somewhat resistant to hostile enchantments, very stealthy
A: almost no armour, amphibious, 8 rings, constrict 8, camouflage 1, gelatinous
body 1
a: Triple Draw, Renounce Religion, Evoke Invisibility


You were on level 10 of the Dungeon.
You worshipped Nemelex Xobeh.
Nemelex Xobeh was most pleased with you.
You were not hungry.

You visited 1 branch of the dungeon, and saw 10 of its levels.
You also visited: Bailey.

You collected 390 gold pieces.
You spent 75 gold pieces at shops.

Inventory:

Hand Weapons
 a - a +1 dagger
 b - the +8 whip of the Dungeon (weapon) {freeze, +Inv}
   (You found it on level 4 of the Dungeon)

   It has been specially enchanted to freeze those struck by it, causing extra
   injury to most foes and up to half again as much damage against particularly
   susceptible opponents.
   It can also slow down cold-blooded creatures.
   It lets you turn invisible.
 G - a +1 morningstar of crushing
Missiles
 o - 27 poisoned needles
 u - 16 tomahawks
 y - 11 curare-tipped needles
 z - 8 javelins (quivered)
 O - 2 throwing nets
 Q - 37 tomahawks of returning
Armour
 n - a +1 shield
Jewellery
 d - an uncursed ring of ice
 j - a ring of protection from magic (left tentacle)
 L - a ring of protection from cold (right tentacle)
 M - a ring of protection from fire (on tentacle)
 T - an amulet of faith (around mantle)
 V - an uncursed ring of fire
Wands
 H - a wand of slowing (23/48)
Scrolls
 g - a scroll of fear
 i - 2 scrolls of enchant weapon
 k - a scroll of blinking {unknown}
 l - 2 scrolls of remove curse
 p - a scroll of enchant armour
 r - a scroll of random uselessness {unknown}
 s - 2 scrolls of fog
 t - 2 scrolls of recharging
 D - a scroll of vulnerability {unknown}
 I - 2 scrolls of amnesia {unknown}
 K - 3 scrolls of teleportation
 P - a scroll of immolation {unknown}
 S - a scroll of holy word
Potions
 c - 4 potions of curing
 e - 2 potions of haste
 h - 2 potions of flight
 q - a potion of magic
 v - a potion of might
 w - 2 potions of lignification
 B - a potion of resistance
 E - a potion of berserk rage
 R - a potion of heal wounds {unknown}
Books
 x - a book of Spatial Translocations

   Spells                             Type                      Level
   a - Apportation                    Translocation                1
   b - Blink                          Translocation                2
   c - Shroud of Golubria             Charms/Translocation         2
   d - Portal Projectile              Translocation                3
   e - Teleport Other                 Translocation                3
   f - Passage of Golubria            Translocation                4
 N - a Young Poisoner's Handbook

   Spells                             Type                      Level
   a - Sting                          Conjuration/Poison           1
   b - Cure Poison                    Poison                       2
   c - Mephitic Cloud                 Conjuration/Poison/Air       3
   d - Olgreb's Toxic Radiance        Poison                       4
   e - Venom Bolt                     Conjuration/Poison           5
Miscellaneous
 A - a plain deck of war {drawn: 9}
 C - a plain deck of escape
Comestibles
 f - 7 bread rations
 m - 8 meat rations
 F - 4 beef jerkies
 J - 7 slices of pizza
 U - 10 chunks of flesh


   Skills:
 - Level 2.1 Fighting
 - Level 4.0 Short Blades
 + Level 7.9 Maces & Flails
 - Level 6.0 Dodging
 - Level 9.0 Stealth
 - Level 2.0 Shields
 - Level 3.0 Unarmed Combat
 - Level 3.0 Spellcasting
   Level 1.0 Necromancy
 - Level 3.0 Translocations
   Level 1.0 Transmutations
 + Level 5.7 Evocations


You had 7 spell levels left.
You knew the following spells:

 Your Spells              Type           Power        Failure   Level  Hunger
a - Apportation           Tloc           ##........   8%          1    #......
b - Blink                 Tloc           N/A          12%         2    ##.....
c - Sting                 Conj/Pois      #...         21%         1    #......
d - Mephitic Cloud        Conj/Pois/Air  #.......     69%         3    ###....
e - Summon Butterflies    Summ           #.......     21%         1    #......


Dungeon Overview and Level Annotations

Branches:
Dungeon (10/15)            Temple (0/1) D:4
   Lair: D:8-11         Orc: D:9-12

Altars:
Cheibriados
Elyvilon
Gozag
Kikubaaqudgha
Makhleb
Nemelex Xobeh
Okawaru
Pakellas
Qazlal
Ru
Sif Muna
Trog
Vehumet
Xom
Yredelemnul
The Shining One

Shops:
D:5 :   D:9 *

Annotations:
D:3 exclusion: adder
D:4 Eustachio; ater218's ghost, amateur DsCj
D:6 !hill giant
D:7 exclusion: 2 killer bees, Joseph
D:8 !erica, exclusion: 3 orc wizards, Erica


Innate Abilities, Weirdness & Mutations

You cannot wear most types of armour.
You are amphibious.
You can wear up to eight rings at the same time.
You can use your tentacles to constrict eight enemies at once.
Your skin changes colour to match your surroundings (Stealth).
Your rubbery body absorbs attacks (AC +1).


Message History

You draw a card...
It is Water.
A steam dragon comes into view.
It glows with a cold blue light!
b - the +8 whip of the Dungeon (weapon)
{freeze, +Inv} The killer bee buzzes angrily.
You hit the troll. You freeze the troll.
The troll is lightly wounded.
The troll bites you. The troll misses you. The troll closely misses you.
You barely miss the troll.
The troll is lightly wounded.
The troll bites you! The troll barely misses you. The troll claws you!
The hound closely misses you.
Your water elemental hits the troll!
Your water elemental engulfs the troll in water!
There is a stone staircase leading up here.
The killer bee completely misses your water elemental.
The hound closely misses you. The troll bites you. The troll claws you!
* * * LOW HITPOINT WARNING * * *
The troll claws you!
You die...
Your body glows with a rainbow of weird colours and disappears.

..........≈
..).....≈..≈
.........≈≈≈ .#
#.......=≈..≈≈≈≈≈≈
...
#.......≈...≈.≈....
....
....D.............
....
#.$y.....#.......
#..#TE......#.....#
#..h@≈$.....#.....#
#..#≈≈......#.....#
#..#........'.....#
#. #........#.....#
#. #........#.....#
. #........#.....#
## #h.......#.....#
..........#.....#
...........#####.#+#


You could see a troll, a steam dragon, 2 hounds, a killer bee and a friendly
water elemental.

Vanquished Creatures
  A hog (D:7)
  A human (D:7)
  A hippogriff (D:9)
  A water moccasin (D:7)
  2 orc warriors (Bailey)
  A sky beast (D:5)
  2 ice beasts
  2 ogres
  4 phantoms
  2 centaurs
  2 big kobolds (D:9)
  7 giant frogs
  3 scorpions
  2 killer bees
  4 wights (D:9)
  A crimson imp (D:7)
  5 hounds
  2 jellies (D:9)
  6 orc priests
  2 iguanas (D:9)
  7 worker ants
  4 orc wizards
  3 sheep (D:7)
  A worker ant zombie (D:9)
  9 adders
  3 gnolls (D:7)
  2 shadow imps
  An ooze (D:1)
  An adder zombie (D:6)
  4 worms
  9 giant geckos
  37 orcs
  A ball python (D:2)
  6 giant cockroaches
  12 goblins
  7 hobgoblins
  13 jackals
  30 kobolds
  3 quokkas
  6 bats
  A giant gecko zombie (D:6)
  3 giant newts
  10 rats
224 creatures vanquished.

Vanquished Creatures (collateral kills)
  An orc warrior (Bailey)
  A killer bee (D:10)
  A jelly (D:9)
  A hobgoblin (Bailey)
4 creatures vanquished.

Grand Total: 228 creatures vanquished

Notes
Turn   | Place    | Note
--------------------------------------------------------------
     0 | D:1      | xgamer67 the Octopode Wanderer began the quest for the Orb.
     0 | D:1      | xgamer67 set off with: a +0 shield, a scroll of teleportation, a potion of curing, a +0 club, a bread ration
     0 | D:1      | Reached XP level 1. HP: 11/11 MP: 4/4
    39 | D:1      | Reached skill level 1 in Stealth
   228 | D:1      | Reached XP level 2. HP: 17/17 MP: 6/6
   521 | D:1      | Reached XP level 3. HP: 21/21 MP: 7/7
   798 | D:2      | Reached skill level 1 in Short Blades
  1041 | D:2      | Reached skill level 4 in Stealth
  1237 | D:2      | Reached XP level 4. HP: 23/27 MP: 8/8
  1354 | D:2      | Found a stormy altar of Qazlal.
  2149 | D:2      | Reached skill level 5 in Stealth
  2980 | D:3      | Found a snail-covered altar of Cheibriados.
  2982 | D:3      | Noticed a centaur
  2985 | D:3      | Killed a centaur
  2985 | D:3      | Reached XP level 5. HP: 31/31 MP: 9/9
  3416 | D:4      | Reached skill level 1 in Fighting
  3416 | D:4      | Reached XP level 6. HP: 9/38 MP: 10/10
  3714 | D:4      | Found a sparkling altar of Nemelex Xobeh.
  3722 | D:4      | Became a worshipper of Nemelex Xobeh the Trickster
  3723 | D:4      | Noticed Eustachio
  3764 | D:4      | Found a staircase to the Ecumenical Temple.
  3770 | D:4      | Received a gift from Nemelex Xobeh
  3824 | D:4      | Noticed ater218's ghost (amateur DsCj)
  3975 | D:4      | Found a stormy altar of Qazlal.
  3985 | D:4      | Got a faintly glowing whip
  3986 | D:4      | Identified the +8 whip of the Dungeon {freeze, +Inv} (You found it on level 4 of the Dungeon)
  4062 | D:5      | Entered Level 5 of the Dungeon
  4077 | D:5      | Found an opulent altar of Gozag.
  4127 | D:5      | Found a sacrificial altar of Ru.
  4206 | D:5      | Reached * piety under Nemelex Xobeh
  4312 | D:5      | Reached skill level 1 in Evocations
  4330 | D:5      | Found Linwu's Book Boutique.
  4338 | D:5      | Received a gift from Nemelex Xobeh
  4344 | D:5      | Reached XP level 7. HP: 39/45 MP: 11/11
  4426 | D:5      | Found a snail-covered altar of Cheibriados.
  4431 | D:5      | Reached skill level 6 in Stealth
  4781 | D:5      | Reached skill level 1 in Maces & Flails
  4781 | D:5      | Reached skill level 7 in Stealth
  5033 | D:6      | Reached XP level 8. HP: 44/50 MP: 12/12
  5112 | D:6      | Noticed a hill giant
  5252 | D:6      | Reached skill level 8 in Stealth
  5273 | D:6      | Reached ** piety under Nemelex Xobeh
  5301 | D:6      | Found a shimmering altar of Xom.
  5372 | D:7      | Reached skill level 9 in Stealth
  5598 | D:7      | Learned a level 1 spell: Apportation
  5601 | D:7      | Learned a level 2 spell: Blink
  5616 | D:7      | Found a burning altar of Makhleb.
  5658 | D:7      | Received a gift from Nemelex Xobeh
  5668 | D:7      | Found a glowing golden altar of the Shining One.
  5750 | D:7      | Reached skill level 1 in Translocations
  5883 | D:7      | Found an iron altar of Okawaru.
  5883 | D:7      | Found a bloodstained altar of Trog.
  5883 | D:7      | Found a basalt altar of Yredelemnul.
  5896 | D:7      | Found an oddly glowing altar of Pakellas.
  6302 | D:7      | Reached skill level 5 in Maces & Flails
  6302 | D:7      | Reached XP level 9. HP: 38/54 MP: 13/13
  6561 | D:7      | Noticed Joseph
  7137 | D:8      | Found a white marble altar of Elyvilon.
  7171 | D:8      | Learned a level 1 spell: Sting
  7175 | D:8      | Learned a level 3 spell: Mephitic Cloud
  7236 | D:8      | Noticed Erica
  7630 | D:9      | Reached skill level 5 in Dodging
  7972 | D:9      | Reached *** piety under Nemelex Xobeh
  8034 | D:9      | Found Atibuuwk's General Store.
  8077 | D:9      | Bought a scroll of holy word for 75 gold pieces
  8279 | D:9      | Received a gift from Nemelex Xobeh
  9183 | D:9      | Reached XP level 10. HP: 52/60 MP: 14/14
  9298 | D:9      | Found a radiant altar of Vehumet.
  9300 | D:9      | Found a deep blue altar of Sif Muna.
  9300 | D:9      | Found an ancient bone altar of Kikubaaqudgha.
  9305 | D:9      | Identified Vehumet's Handbook of Attacks
  9313 | D:9      | Identified Sif Muna's Almanac of Companions
  9316 | D:9      | Learned a level 1 spell: Summon Butterflies
  9325 | D:9      | Identified Kikubaaqudgha's Handbook of Necromancy
  9414 | D:9      | Reached skill level 5 in Evocations
  9694 | D:10     | Entered Level 10 of the Dungeon
  9832 | D:10     | Found a flagged portal.
  9841 | Bailey   | Entered a bailey
  9975 | Bailey   | Found a burning altar of Makhleb.
 10166 | D:10     | Slain by a troll

Vault maps used:
D:1:      minmay_arrival_cross
D:2:      first_bread, grunt_qazlal_sundering
D:3:      cheibriados_altar_1
D:4:      nemelex_xobeh_ov_fountains_minmay, lemuel_round_altar, temple_pool_a,
          uniq_eustachio
D:5:      nicolae_ru_great_annihilating_truth, serial_shops,
          nicolae_shop_temple_entry_statues_fountains, basic_altar,
          grunt_gozag_breadcrumbs
D:6:      minmay_opposing_rooms, xom_teletrap_fun, fedhas_altar_1
D:7:      marbit_many_paths, bloody_makhleb, minitemple, grunt_livestock,
          tso_metal_star, uniq_joseph
D:8:      minmay_flawed_box, gup_ossuary_entry_pyramid, basic_altar, uniq_erica
D:9:      grunt_temple_overflow_magic_moments, serial_shops,
          nicolae_shop_statue_plus
D:10:     erik_lair_island, enter_bailey_2
Bailey:   bailey_axe_3, bailey

Action                   |  1- 3 |  4- 6 |  7- 9 | 10-12 || total
-------------------------+-------+-------+-------+-------++-------
Melee: Club              |    29 |       |       |       ||    29
       Dagger            |    47 |   133 |    25 |     9 ||   214
       Whip              |       |     3 |   221 |    56 ||   280
Throw: Stone             |     9 |    21 |    27 |       ||    57
       Javelin           |       |       |     8 |     6 ||    14
       Tomahawk          |       |       |     2 |       ||     2
Evoke: Deck              |       |       |    17 |     9 ||    26
       Wand              |       |       |     1 |       ||     1
  Use: Scroll            |       |     1 |    13 |       ||    14
       Potion            |       |     1 |     1 |       ||     2
 Stab: Sleeping          |    10 |    21 |    10 |     1 ||    42
       Distracted        |       |     1 |     2 |     1 ||     4
  Eat: Chunk             |     1 |    10 |    11 |     3 ||    25
       Fruit             |       |       |     4 |       ||     4
